Map: Ruins of Seras

Players

MuKK - Winner!

  • Race: Terran Terran
  • League: Gold

Zimbo

  • Race: Protoss Protoss
  • League: Gold

VOD

Have the link to the VOD?

Description

Time

  • Played on: Nov. 14, 2015, 5:09 p.m.
  • Length: 17:50
Show
View Real Time Build Order
Export as new Build Order

MuKK Terran - Winner!

Build Orders: Liberator Opening, Reaper Expand 

Get SALT Encoding   

  12  0:01  SCV  
  13  0:13  SCV  
  14  0:18  Supply Depot  
  14  0:25  SCV  
  15  0:40  SCV  
  15  0:41  Barracks  
  16  0:45  Refinery  
  16  0:53  SCV  
  17  1:05  SCV  
  18  1:17  SCV  
  19  1:29  Orbital Command  
  19  1:30  Reaper  
  20  1:47  Command Center  
  20  1:55  SCV, Supply Depot  
  21  2:07  SCV  
  22  2:10  Barracks Reactor  
  22  2:19  SCV  
  23  2:24  Factory  
  23  2:31  SCV  
  24  2:42  Command Center  
  24  2:43  SCV  
  25  2:50  Marine x2  
  27  2:55  SCV  
  28  3:01  Orbital Command  
  27  3:12  Marine x2  
  27  3:16  Starport  
  27  3:17  SCV, Refinery  
  30  3:25  Orbital Command  
  30  3:31  SCV  
  31  3:41  Barracks Tech Lab  
  31  3:43  SCV  
  31  3:47  Liberator  
  32  3:53  SCV  
  32  3:55  SCV  
  34  3:56  Refinery  
  34  3:57  Orbital Command  
  34  3:58  Refinery  
  34  4:00  Marine  
  35  4:05  SCV  
  35  4:08  SCV  
  40  4:19  Factory Reactor, Barracks  
  40  4:22  SCV x2, Barracks  
  42  4:25  Stimpack, Marine  
  43  4:33  Liberator  
  43  4:34  Engineering Bay  
  43  4:36  SCV  
  43  4:37  Engineering Bay  
  44  4:45  Marine  
  44  4:46  SCV x2  
  44  4:49  SCV  
  51  4:58  SCV  
  52  5:04  SCV  
  52  5:05  SCV  
  54  5:10  SCV  
  55  5:15  Marine  
  55  5:16  Marine x2  
  55  5:17  SCV x2  
  55  5:19  Supply Depot  
  55  5:20  Supply Depot  
  55  5:21  Terran Infantry Weapons Level 1, Terran Infantry Armor Level 1  
  60  5:22  Missile Turret  
  60  5:23  Marine  
  61  5:30  Missile Turret  
  61  5:39  Liberator  
  61  5:40  SCV, Barracks, Marine  
  61  5:41  SCV  
  64  5:43  Barracks  
  64  5:45  Supply Depot  
  64  5:47  SCV, Supply Depot  
  65  5:51  Marine x4  
  72  5:59  Factory Reactor  
  72  6:00  SCV x2, Orbital Command  
  74  6:11  Supply Depot, Marine x3  
  74  6:12  SCV, Supply Depot, Marine  
  74  6:14  SCV  
  80  6:23  Marine  
  80  6:24  SCV  
  82  6:28  Barracks Reactor  
  82  6:29  Armory  
  82  6:32  Barracks Reactor  
  82  6:33  Marine x4  
  82  6:34  SCV, Refinery  
  82  6:35  SCV  
  82  6:36  SCV  
  82  6:38  Supply Depot  
  89  6:47  SCV x2, Factory Reactor, Missile Turret  
  89  6:53  SCV, Bunker  
  92  6:58  Bunker  
  92  6:59  SCV x2  
  92  7:00  Marine x4  
  98  7:05  SCV, Medivac x2  
  103  7:10  Marine x4  
  103  7:13  SCV x2  
  109  7:17  SCV  
  109  7:18  Marine  
  111  7:24  Marine x4  
  111  7:25  Widow Mine  
  117  7:31  Supply Depot  
  117  7:32  Supply Depot  
  117  7:36  Supply Depot, Marine x4, Widow Mine  
  123  7:37  Medivac  
  125  7:49  Medivac, Marine x5  
  132  7:51  SCV  
  132  7:53  SCV  
  132  7:54  Marine x2  
  136  8:07  Supply Depot, Marine x4  
  136  8:08  Supply Depot x2, Medivac, Widow Mine x2  
  146  8:15  Marine x3  
  146  8:16  Terran Infantry Weapons Level 2, Terran Infantry Armor Level 2  
  146  8:18  Terran Vehicle And Ship Armor Level 1  
  146  8:19  Medivac  
  151  8:24  Command Center, Marine  
  152  8:29  Marine  
  153  8:37  Marine  
  153  8:38  Marine x5  
  153  8:39  Marauder, Widow Mine x2  
  153  8:40  Medivac  
  167  8:53  Marine x2  
  167  8:55  Marine x3  
  136  8:57  Marine x3  
  136  9:00  Marine  
  140  9:09  Widow Mine x2  
  143  9:11  Marine x2  
  143  9:13  Marine x2  
  138  9:17  Marine  
  138  9:18  Marauder  
  138  9:19  Medivac x2  
  138  9:24  Marine  
  142  9:32  Marine  
  142  9:37  Barracks x2, Widow Mine  
  144  9:39  Barracks, Marauder  
  144  9:45  Marine x2  
  147  9:47  Marine  
  149  10:01  Marauder  
  148  10:07  Marine  
  148  10:08  Widow Mine, Marine x3  
  148  10:09  Medivac, Widow Mine  
  148  10:10  Medivac  
  160  10:15  Marine  
  161  10:22  Marauder  
  161  10:25  Marine  
  161  10:26  Barracks Tech Lab x2  
  164  10:32  Barracks Tech Lab  
  164  10:36  Marine x4  
  164  10:37  Marine  
  164  10:40  Missile Turret  
  165  10:44  Bunker, Marauder  
  162  10:55  Marine x5  
  162  10:56  Marauder x2, Marine x3  
  162  10:57  Widow Mine x2, Marauder  
  169  11:05  Marauder  
  171  11:17  Marine  
  171  11:18  Marauder, Marine x8  
  182  11:19  Marauder  
  180  11:26  Marauder  
  182  11:35  Terran Infantry Weapons Level 3, Terran Infantry Armor Level 3, Marine x5  
  182  11:36  Marauder  
  182  11:39  Marine, Marauder  
  192  11:40  Marauder, Marine  
  193  11:48  Marauder  
  195  12:01  Marine  
  195  12:02  Marine  
  195  12:07  Marine  
  196  12:08  Marine x3  
  196  12:10  Marine x2  
  196  12:11  Marauder x3  
  196  12:12  Marauder  
  174  12:16  Widow Mine x2  
  174  12:19  Marine x2  
  175  12:25  Marine  
  175  12:26  Marine  
  167  12:32  Marauder x2  
  167  12:35  Marine x4  
  167  12:36  Marauder x2  
  177  12:41  Marine x2  
  177  12:43  Marine  
  180  12:44  Marine  
  166  12:52  Medivac  
  166  12:53  Medivac, Marine  
  166  12:54  Marauder x2  
  166  12:57  Marine  
  166  12:58  Marauder, Marine x3  
  146  13:06  Marine x4  
  146  13:10  Marine  
  136  13:15  Marine x3, Marauder x2  
  138  13:21  Planetary Fortress  
  138  13:22  Medivac  
  131  13:30  Marine  
  131  13:31  Marauder, Marine x5  
  124  13:38  Marine x4  
  102  13:48  SCV  
  102  13:49  SCV x2  
  102  13:54  Marine  
  97  14:18  Marine  
  97  14:19  Marauder  
  97  14:23  SCV x4  
  102  14:39  Marine x6  
  102  14:40  Refinery, Marauder x3  
  102  14:45  Refinery  
  108  15:01  Marine  
  108  15:02  Marauder x2, Marine x3  
  108  15:03  Marauder  
  118  15:08  Medivac x2  
  122  15:30  Reaper  
  122  15:32  Ghost Academy, Marine x7  
  122  15:33  Widow Mine x2, Marauder x4  
  127  15:51  Marine x3  
  127  15:54  Marauder x2  
  118  16:02  Marine x4  
  118  16:03  Marauder  
  108  16:12  Marine  
  99  16:46  Orbital Command  
  99  17:13  Marine  
Show
View Real Time Build Order
Export as new Build Order

Zimbo Protoss 

Build Orders: 1 Gate Expand 

Get SALT Encoding   

  12  0:01  Probe (Chrono Boost)  
  13  0:14  Pylon  
  13  0:18  Probe (Chrono Boost)  
  15  0:28  Probe (Chrono Boost)  
  15  0:36  Gateway  
  15  0:39  Probe (Chrono Boost)  
  16  0:50  Probe (Chrono Boost)  
  17  1:00  Probe (Chrono Boost)  
  19  1:11  Probe (Chrono Boost)  
  19  1:18  Nexus  
  19  1:23  Assimilator  
  19  1:30  Assimilator  
  19  1:35  Probe (Chrono Boost)  
  20  1:45  Cybernetics Core  
  20  1:49  Probe (Chrono Boost)  
  21  2:00  Probe (Chrono Boost)  
  22  2:03  Pylon  
  21  2:10  Probe (Chrono Boost)  
  22  2:21  Adept (Chrono Boost)  
  24  2:24  Mothership Core (Chrono Boost)  
  26  2:32  Warp Gate  
  26  2:35  Probe (Chrono Boost)  
  27  2:39  Gateway  
  27  2:43  Probe (Chrono Boost), Pylon  
  28  2:46  Probe (Chrono Boost)  
  29  2:53  Probe (Chrono Boost)  
  29  2:57  Probe (Chrono Boost)  
  31  2:59  Adept  
  31  3:04  Probe (Chrono Boost)  
  34  3:18  Probe x2 (Chrono Boost)  
  36  3:21  Pylon  
  36  3:26  Sentry  
  38  3:28  Probe x2 (Chrono Boost)  
  38  3:31  Forge  
  40  3:35  Twilight Council  
  40  3:42  Gateway  
  40  3:45  Probe (Chrono Boost)  
  40  3:47  Probe (Chrono Boost)  
  42  3:49  Sentry  
  42  3:54  Assimilator  
  44  3:56  Probe (Chrono Boost)  
  44  3:59  Probe (Chrono Boost)  
  46  4:03  Pylon  
  46  4:06  Probe (Chrono Boost)  
  46  4:09  Protoss Ground Armor Level 1  
  49  4:19  Probe x2 (Chrono Boost), Blink  
  49  4:23  Assimilator  
  51  4:29  Pylon  
  51  4:32  Probe (Chrono Boost), Pylon  
  50  4:41  Adept  
  50  4:43  Stalker  
  54  4:49  Probe x2 (Chrono Boost)  
  56  4:57  Nexus  
  56  5:02  Templar Archives  
  56  5:05  Probe (Chrono Boost)  
  57  5:11  Probe (Chrono Boost)  
  58  5:15  Probe (Chrono Boost)  
  59  5:25  Adept x2  
  59  5:26  Stalker  
  59  5:27  Pylon  
  65  5:31  Pylon  
  65  5:36  Probe x2 (Chrono Boost)  
  65  5:39  Psionic Storm, Pylon  
  67  5:49  Gateway  
  67  5:55  Gateway x2  
  67  6:00  Pylon  
  67  6:02  Probe (Chrono Boost)  
  67  6:03  Probe (Chrono Boost)  
  69  6:07  Stalker  
  69  6:09  Stalker  
  73  6:17  Pylon  
  73  6:23  Probe (Chrono Boost)  
  73  6:24  Assimilator  
  74  6:25  Sentry  
  74  6:27  Assimilator  
  74  6:31  Pylon, Protoss Ground Weapons Level 1 (Chrono Boost)  
  74  6:32  High Templar  
  78  6:34  High Templar  
  80  6:41  Gateway x2  
  80  6:47  Probe (Chrono Boost)  
  80  6:48  Probe (Chrono Boost)  
  82  6:55  Probe (Chrono Boost)  
  82  6:56  Pylon  
  82  6:58  Probe (Chrono Boost)  
  82  6:59  Pylon  
  82  7:00  Resonating Glaives  
  84  7:01  Pylon  
  84  7:07  Robotics Facility  
  85  7:08  Probe (Chrono Boost)  
  85  7:19  Pylon  
  85  7:22  High Templar x2  
  87  7:28  Stalker x2  
  87  7:29  Adept  
  95  7:30  Probe (Chrono Boost)  
  95  7:31  Probe (Chrono Boost)  
  95  7:35  Forge  
  97  7:38  Probe  
  97  7:40  Probe  
  97  7:42  Probe  
  100  7:45  Stalker  
  100  7:46  Stalker  
  100  7:49  Probe  
  105  8:00  Pylon  
  105  8:04  Stalker x3  
  105  8:05  Stalker x2  
  114  8:19  Pylon  
  114  8:21  Protoss Ground Armor Level 2 (Chrono Boost)  
  114  8:23  High Templar  
  114  8:25  Zealot x2  
  120  8:27  Protoss Ground Weapons Level 2 (Chrono Boost)  
  120  8:38  Robotics Facility  
  120  8:42  Stalker x2, Zealot x2  
  120  8:43  Zealot  
  130  8:54  Archon  
  122  9:00  Stalker x3  
  118  9:24  Pylon  
  118  9:33  Pylon  
  118  9:36  High Templar x3  
  118  9:37  High Templar  
  118  9:38  Observer (Chrono Boost)  
  121  9:57  Observer (Chrono Boost)  
  120  10:05  Stalker  
  120  10:06  Stalker x3  
  128  10:09  Stalker x3  
  128  10:10  Stalker  
  140  10:16  Immortal (Chrono Boost)  
  140  10:18  Gateway, Immortal (Chrono Boost)  
  140  10:19  Gateway  
  140  10:20  Gateway  
  144  10:25  Gateway  
  144  10:27  Gateway  
  144  10:28  Nexus  
  144  10:29  Gateway  
  144  10:31  Gateway, Assimilator  
  144  10:33  Pylon  
  144  10:35  Assimilator  
  144  10:37  Pylon  
  144  10:47  Stalker x4  
  133  11:05  Stalker x3  
  133  11:06  Stalker  
  133  11:11  High Templar x3  
  143  11:13  Probe  
  143  11:14  Probe  
  149  11:22  Photon Cannon  
  149  11:24  Photon Cannon  
  149  11:30  Protoss Ground Weapons Level 3 (Chrono Boost)  
  145  11:51  Stalker x2  
  145  11:52  Stalker x2  
  153  11:56  Mothership Core  
  155  12:01  Zealot x2  
  155  12:02  Zealot  
  155  12:03  Stalker x3  
  158  12:26  Stalker  
  158  12:27  Stalker x3  
  158  12:41  Stalker  
  158  12:42  Stalker x2  
  96  13:38  Stalker  
  96  13:39  Stalker x6  
  96  13:40  Stalker x4  
  86  14:00  Nexus  
  86  14:02  Pylon  
  84  14:05  Pylon  
  83  14:13  High Templar x2  
  83  14:14  High Templar x2  
  83  14:16  Adept x4  
  99  14:31  Stalker  
  99  14:32  Stalker x2  
  105  14:44  High Templar x2  
  109  14:53  Pylon  
  107  15:14  Stalker x3  
  107  15:15  Stalker  
  107  15:19  Zealot x3  
  121  15:24  Probe  
  121  15:25  Probe  
  121  15:26  Probe  
  99  15:56  Immortal x2  
  65  16:14  Stalker x7  
  65  16:16  Zealot  
  61  16:39  Stalker x4  
  65  16:41  Immortal  
  65  16:43  Probe  
  65  16:45  Probe x2  
  72  16:52  Probe  
  72  16:54  Probe  
  73  16:58  High Templar x2  
  78  17:24  Zealot x3  
  78  17:29  Zealot  
  90  17:30  Zealot  
Tags
 
Add a new tag
Caveats
  • Supply blocks, unpowered buildings, or Contaminate may cause inaccurate times.
  • Supply counts are checked every 10 seconds.